 Dungeon Crawl Stone Soup version 0.29-a0-474-gdfe5cd140f (webtiles) character file.

Game seed: 6538381928996391809

22 dabmancer the Magician (level 2, -2/13 HPs)
             Began as a Spriggan Hedge Wizard on May 23, 2022.
             Succumbed to a goblin's poison
             ... on level 1 of the Dungeon.
             The game lasted 00:03:05 (1132 turns).

dabmancer the Magician (Spriggan Hedge Wizard)      Turns: 1132, Time: 00:03:06

Health: -2/13      AC:  2    Str:  6    XL:     2   Next: 68%
Magic:  6/9        EV: 17    Int: 15    God:
Gold:   64         SH:  0    Dex: 14    Spells: 10/11 levels left

rFire   . . .      SeeInvis +   a - +0 dagger
rCold   . . .      Faith    .   (no shield)
rNeg    . . .      Spirit   .   b - +0 robe
rPois   .          Reflect  .   c - +0 hat
rElec   .          Harm     .   (no cloak)
rCorr   .          Rampage  .   (gloves unavailable)
Will    .....                   (boots unavailable)
Stlth   ++........              (no amulet)
HPRegen 0.04/turn               (no ring)
MPRegen 0.11/turn               (no ring)

@: lethally poisoned (-2 -> -12), very quick
A: very small, no large weapons, unfitting armour, see invisible, speed 3
a: no special abilities


You were on level 1 of the Dungeon.
You visited 1 branch of the dungeon, and saw 1 of its levels.

You collected 64 gold pieces.

Inventory:

Hand Weapons
 a - a +0 dagger (weapon)
Armour
 b - a +0 robe (worn)
 c - a +0 hat (worn)
Scrolls
 e - a scroll of torment {unknown}
 f - a scroll of amnesia {unknown}
 g - 2 scrolls of fear {unknown}
 h - a scroll of poison {unknown}
 i - a scroll of identify {unknown}
Potions
 d - a potion of magic


   Skills:
 + Level 2.8 Dodging
 + Level 3.1 Stealth
 + Level 5.0 Spellcasting
 + Level 0.6 Conjurations
 + Level 0.7 Summonings
 + Level 1.5 Translocations


You had 10 spell levels left.
You knew the following spells:

 Your Spells              Type           Power      Damage    Failure   Level
a - Magic Dart            Conj           20%        1d4       13%         1

Your spell library contained the following spells:

 Spells                   Type           Power      Damage    Failure   Level
 Blink                    Tloc           16%        N/A       13%         2
 Slow                     Hex            12%        N/A       16%         1
 Call Imp                 Summ           5%         N/A       19%         2
 Portal Projectile        Hex/Tloc       12%        N/A       34%         3
 Conjure Flame            Conj/Fire      4%         6-21      38%         3
 Mephitic Cloud           Conj/Pois/Air  4%         N/A       41%         3
 Tukima's Dance           Hex            3%         N/A       43%         3
 Blade Hands              Tmut           1%         N/A       99%         5


Dungeon Overview and Level Annotations

Branches:
Dungeon (1/15)

Altars:


Innate Abilities, Weirdness & Mutations

You are very small and have problems with some larger weapons.
You are too small for most types of armour.
You have supernaturally acute eyesight. (SInv)
You cover ground extremely quickly. (Speed+++)


Message History

There is a lethal amount of poison in your body!
The magic dart hits the goblin but does no damage.
The goblin is severely wounded.
You feel sick. The goblin barely misses you.
You are too depleted to draw on your mana recklessly!
There is a lethal amount of poison in your body!
There is a lethal amount of poison in your body!
You are too depleted to draw on your mana recklessly!
You feel sick.
You feel sick.
You are too injured to fight recklessly!
You don't have enough magic to cast this spell.
Magic courses through your body.
You feel sick.
You are too injured to fight recklessly!
You are too injured to fight recklessly!
Aiming: Magic Dart (safe; 13% risk of failure)
Press: ? - help, Q - select action Shift-Dir - straight line, f/p - goblin
Aim: a goblin, wielding a +0 dagger of venom and wearing a +0 plate armour (severely wounded, 100% to hit)
The magic dart hits the goblin but does no damage.
The goblin is severely wounded.
* * * LOW HITPOINT WARNING * * *
You feel sick. The goblin misses you.
Aiming: Magic Dart (safe; 13% risk of failure)
Press: ? - help, Q - select action Shift-Dir - straight line, f/p - goblin
Aim: a goblin, wielding a +0 dagger of venom and wearing a +0 plate armour (severely wounded, 100% to hit)
The magic dart hits the goblin but does no damage.
The goblin is severely wounded.
* * * LOW HITPOINT WARNING * * *
You feel sick. The goblin misses you.
You hit the goblin but do no damage.
The goblin is severely wounded.
* * * LOW HITPOINT WARNING * * *
You feel sick. The goblin hits you but does no damage.
You are more poisoned.
Aiming: Magic Dart (safe; 13% risk of failure)
Press: ? - help, Q - select action Shift-Dir - straight line, f/p - goblin
Aim: a goblin, wielding a +0 dagger of venom and wearing a +0 plate armour (severely wounded, 100% to hit)
The magic dart hits the goblin but does no damage.
The goblin is severely wounded.
You die...

#..###.###.#.##.##
#..#..............
#.รท#.#.##..#..#.##
.#......##.....#.##
......[.........).
##..........####..#
..#####.##.#.##....##..#
#............###.#.##...
#.@g#.#.....#.##..#
##.......###........
#............#)##..#
........#########.##...
...#.#### #.##... #.....
#...... ...... ######.
#.#.#. #. #. #.


You could see a goblin.

Vanquished Creatures
  A dart slug (D:1)
  4 ball pythons (D:1)
  2 endoplasms (D:1)
  A goblin (D:1)
  3 hobgoblins (D:1)
  A kobold (D:1)
  A quokka (D:1)
  2 bats (D:1)
  A frilled lizard (D:1)
  3 rats (D:1)
19 creatures vanquished.

Notes
Turn   | Place    | Note
-------+----------+-------------------------------------------
     0 | D:1      | dabmancer the Spriggan Hedge Wizard began the quest for the
                  | Orb.
     0 | D:1      | Reached XP level 1. HP: 9/9 MP: 6/6
   513 | D:1      | Reached XP level 2. HP: 13/13 MP: 4/8
   906 | D:1      | Reached skill level 5 in Spellcasting
  1132 | D:1      | Succumbed to a goblin's poison

Illustrated notes

Levels and vault maps discovered:
D:1:      kilobyte_arrival_exit_the_forest, layout_basic

Skill      XL: |  1  2 |
---------------+-------+-----
Spellcasting   | 5 |  5.0
Dodging        | |  2.8
Stealth        | |  3.1
Conjurations   | |  0.6
Summonings     | |  0.7
Translocations | |  1.5

Action                   || total
-------------------------++-------
Melee: Dagger            ||    15
 Cast: Magic Dart        ||    73
  Use: Potion            ||     1
Armor: Robe              ||     4
Dodge: Dodged            ||    25

Table legend: (Time is in decaauts)
 A = Elapsed time spent in this place.
 B = Non-inter-level travel time spent in this place.
 C = Inter-level travel time spent in this place.
 D = Time resting spent in this place.
 E = Time spent auto-exploring this place.
 F = Levels seen in this place.
 G = Mean time per level.
                   A        B        C        D        E       F      G
               +--------+--------+--------+--------+--------+-----+--------+
         Total |    953 |    953 |      0 |    124 |    681 |   1 |  953.0 |
       Dungeon |    953 |    953 |      0 |    124 |    681 |   1 |  953.0 |
               +--------+--------+--------+--------+--------+-----+--------+

Top non-repeatable levels by time:
     D:1: 953 daAuts
